 Dungeon Crawl Stone Soup version 0.28-a0-1506-g3893175d92 (webtiles) character file.

Game seed: 13738009537590207440

21 Lekart the Skirmisher (level 2, 0/27 HPs)
             Began as a Draconian Abyssal Knight on Jan 14, 2022.
             Was a Follower of Lugonu.
             Slain by a jackal (1 damage)
             ... on level 1 of the Dungeon.
             The game lasted 00:01:48 (645 turns).

Lekart the Skirmisher (Draconian Abyssal Knight)     Turns: 645, Time: 00:01:48

Health: 0/27       AC:  4    Str: 15    XL:     2   Next: 65%
Magic:  3/3        EV: 12    Int: 10    God:    Lugonu [*.....]
Gold:   27         SH:  0    Dex: 11    Spells: 1/1 levels left

rFire   . . .      SeeInvis .   a - +1 falchion
rCold   . . .      Faith    .   (no shield)
rNeg    . . .      Spirit   .   (armour unavailable)
rPois   .          Reflect  .   (helmet restricted)
rElec   .          Harm     .   (no cloak)
rCorr   .          Rampage  .   (no gloves)
Will    .....                   (no boots)
Stlth   +.........              (no amulet)
HPRegen 0.09/turn               (no ring)
MPRegen 0.08/turn               (no ring)

@: weak-willed
A: AC +4, unfitting armour, cold-blooded
a: Renounce Religion, Depart the Abyss


You were on level 1 of the Dungeon.
You worshipped Lugonu.
Lugonu was aware of your devotion.
You visited 1 branch of the dungeon, and saw 1 of its levels.
You visited the Abyss 1 time.

You collected 27 gold pieces.

Inventory:

Hand Weapons
 a - a +1 falchion (weapon)
Scrolls
 c - 2 scrolls of identify {unknown}
 d - 2 scrolls of enchant weapon {unknown}
 e - a scroll of immolation {unknown}


   Skills:
 + Level 3.8 Fighting
 + Level 2.2 Long Blades
 + Level 2.3 Dodging
 * Level 2.3 Invocations


You had one spell level left.
You didn't know any spells.
Your spell library contained the following spells:

 Spells                   Type           Power      Damage    Failure   Level
 Foxfire                  Conj/Fire      0%         2x1d4     36%         1
 Conjure Flame            Conj/Fire      0%         6-21      75%         3
 Inner Flame              Hex/Fire       0%         N/A       75%         3
 Flame Wave               Conj/Fire      0%         2d4       98%         4


Dungeon Overview and Level Annotations

Branches:
Dungeon (1/15)

Altars:


Innate Abilities, Weirdness & Mutations

Your plain brown scales are hard. (AC +4)
You cannot fit into any form of body armour.
You are cold-blooded and may be slowed by cold attacks.


Message History

Unknown command.
You closely miss the jackal.
The jackal is severely wounded.
The jackal bites you but does no damage. x2
The rat barely misses you. The jackal closely misses you.
The jackal barely misses you.
The hobgoblin hits you with a +0 dagger.
The jackal barely misses you.
You hit the jackal.
You kill the jackal!
Lugonu accepts your kill.
The jackal bites you but does no damage.
The jackal barely misses you. The rat barely misses you.
The hobgoblin hits you with a +0 dagger.
* * * LOW HITPOINT WARNING * * *
The jackal completely misses you. The jackal barely misses you.
The rat barely misses you.
You hit the rat but do no damage.
The jackal bites you but does no damage.
The jackal barely misses you.
The hobgoblin hits you with a +0 dagger.
* * * LOW HITPOINT WARNING * * *
The rat bites you.
* * * LOW HITPOINT WARNING * * *
The rat bites you but does no damage.
The jackal bites you but does no damage. x2
You closely miss the rat.
Your tail-slap misses the rat.
The hobgoblin barely misses you. The jackal bites you.
* * * LOW HITPOINT WARNING * * *
The rat barely misses you.
The jackal bites you but does no damage.
The rat barely misses you.
You aren't carrying any potions.
Unknown command.
As you read the scroll labelled REUFODOIFO, it crumbles to dust.
Magic quickly surges around you.
It was a scroll of vulnerability.
The jackal bites you.
* * * LOW HITPOINT WARNING * * *
The jackal bites you.
You die...

####.)..........###........#
#....###..###..###..#####...
#.#### #.##...###..## ## #.#
#.##.### ..# #.# #.##. .###
#.# ##.#. #.... #.# #..##
..... ###.# ###.#####......
#...###.....r@h......
###.....##..rhg......
#.....##..._.......
#.....###.......... #.....#
#..........
#..................
#....########...... #....#
...... ######


You could see 2 jackals, a hobgoblin (weak-willed) and 2 rats.

Vanquished Creatures
  2 dart slugs (D:1)
  2 ball pythons (D:1)
  A goblin (D:1)
  2 hobgoblins (D:1)
  2 jackals (D:1)
  A quokka (D:1)
  2 bats (D:1)
  2 kobolds (D:1)
  3 rats (D:1)
17 creatures vanquished.

Notes
Turn   | Place    | Note
-------+----------+-------------------------------------------
     0 | Abyss:1  | Lekart the Draconian Abyssal Knight began the quest for the
                  | Orb.
     0 | Abyss:1  | Reached XP level 1. HP: 19/19 MP: 2/2
    71 | Abyss:1  | Noticed a thrashing horror
    97 | Abyss:2  | Noticed a neqoxec
   113 | Abyss:2  | Noticed a red draconian
   114 | D:1      | Escaped the Abyss
   511 | D:1      | Reached * piety under Lugonu
   512 | D:1      | Reached XP level 2. HP: 27/27 MP: 3/3
   625 | D:1      | Found a faded altar of an unknown god.
   645 | D:1      | HP: 1/27 [jackal (2)]
   645 | D:1      | Slain by a jackal

Illustrated notes

Levels and vault maps discovered:
D:1:      dpeg_arrival_tiny_f, layout_rooms,
          ebering_ecumenical_altar_sacrificial

Action                   || total
-------------------------++-------
Melee: Falchion          ||    40
       Tailslap          ||     3
       Punch             ||     2
Invok: Depart the Abyss  ||     1
  Use: Scroll            ||     1
Armor: Skin              ||    27
Dodge: Dodged            ||    40

Table legend: (Time is in decaauts)
 A = Elapsed time spent in this place.
 B = Non-inter-level travel time spent in this place.
 C = Inter-level travel time spent in this place.
 D = Time resting spent in this place.
 E = Time spent auto-exploring this place.
 F = Levels seen in this place.
 G = Mean time per level.
                   A        B        C        D        E       F      G
               +--------+--------+--------+--------+--------+-----+--------+
         Total |    652 |    652 |      0 |    203 |    330 |   3 |  217.3 |
       Dungeon |    538 |    538 |      0 |    203 |    242 |   1 |  538.0 |
         Abyss |    113 |    113 |      0 |      0 |     88 |   2 |   56.5 |
               +--------+--------+--------+--------+--------+-----+--------+

Top non-repeatable levels by time:
     D:1: 538 daAuts
 Abyss:1: 75 daAuts
 Abyss:2: 38 daAuts
